 Dungeon Crawl Stone Soup version 0.19.0-2-gae57169 (webtiles) character file.

58 Gargoyl the Skirmisher (level 3, -3/29 HPs)
             Began as a Demonspawn Abyssal Knight on Nov 7, 2016.
             Was a Follower of Lugonu.
             Killed from afar by Natasha (4 damage)
             ... with a magic dart
             ... on level 2 of the Dungeon.
             The game lasted 00:01:51 (1602 turns).

Gargoyl the Skirmisher (Demonspawn Abyssal Knight)  Turns: 1602, Time: 00:01:52

Health: -3/29      AC:  3    Str: 18    XL:     3   Next: 75%
Magic:  5/5        EV: 11    Int: 13    God:    Lugonu [*.....]
Gold:   38         SH:  0    Dex: 12    Spells: 0 memorised, 2 levels left

rFire  + . .     SeeInvis .     a - +1 hand axe
rCold  . . .     Gourm    .     b - +0 leather armour
rNeg   . . .     Faith    .     (no shield)
rPois  .         Spirit   .     (no helmet)
rElec  .         Reflect  .     (no cloak)
rCorr  .         Harm     .     (no gloves)
MR     .....                    (no boots)
Stlth  +.........               (no amulet)
                                (no ring)
                                d - ring of protection from fire

@: mighty
A: powered by pain 1
a: Depart the Abyss, Renounce Religion


You were on level 2 of the Dungeon.
You worshipped Lugonu.
Lugonu was aware of your devotion.
You were not hungry.

You visited 1 branch of the dungeon, and saw 2 of its levels.
You visited the Abyss 1 time.

You collected 38 gold pieces.

Inventory:

Hand Weapons
 a - a +1 hand axe (weapon)
Armour
 b - a +0 leather armour (worn)
Jewellery
 d - a ring of protection from fire (left hand)
 i - an uncursed amulet of guardian spirit {unknown}
 m - an uncursed amulet of guardian spirit {unknown}
Scrolls
 e - a scroll of identify {unknown}
 h - a scroll of recharging {unknown}
 j - a scroll of teleportation {unknown}
 k - 2 scrolls of remove curse {unknown}
Comestibles
 c - 2 bread rations
 f - a meat ration
 g - 3 beef jerkies
 n - a chunk of flesh


   Skills:
 + Level 3.4 Fighting
 + Level 2.5 Axes
 * Level 2.2 Armour
 + Level 1.1 Dodging
 * Level 3.1 Invocations


You had 2 spell levels left.
You didn't know any spells.

Dungeon Overview and Level Annotations

Branches:
Dungeon (2/15)

Altars:
The Shining One

Annotations:
D:2 Natasha


Innate Abilities, Weirdness & Mutations

You sometimes gain a little power by taking damage.


Message History

Natasha, Servant of Life and Death comes into view.
Unknown command.
You hit Natasha.
Natasha is lightly wounded.
Natasha hisses.
Natasha closely misses you.
You hit Natasha.
Natasha is lightly wounded.
Natasha claws you!
You barely miss Natasha.
Natasha is lightly wounded.
Natasha claws you!
* * * LOW HITPOINT WARNING * * *
Natasha claws you.
* * * LOW HITPOINT WARNING * * *
It was a potion of might.
You feel very mighty all of a sudden.
Natasha stares at you and mumbles some strange words.
The magic dart hits you!
You die...

#..##.....)...#
##.###.........#
#######..###.........#
.....................#
######..####.........#
###....# #[<.......#
#...(..# #.........#
##.#.#..# #.........#
#...h@..# ##.....>.##
#..#.#.## ##.....##
.....(...# #######
##.##.#### ..$... .
.... .... ....


You could see Natasha.

Vanquished Creatures
  Natasha (D:2)
  A dart slug (D:1)
  A leopard gecko (D:1)
  2 giant cockroaches (D:1)
  4 goblins
  3 hobgoblins (D:1)
  3 jackals (D:1)
  6 bats
  6 kobolds (D:1)
  2 rats
29 creatures vanquished.

Notes
Turn   | Place    | Note
-------+----------+-------------------------------------------
     0 | Abyss:1  | Gargoyl the Demonspawn Abyssal Knight began the quest for the Orb.
     0 | Abyss:1  | Reached XP level 1. HP: 18/18 MP: 2/2
    47 | Abyss:1  | Noticed a spatial vortex
    66 | Abyss:1  | Noticed a large abomination
    67 | Abyss:1  | Noticed a small abomination
    79 | Abyss:1  | Noticed a small abomination
    92 | D:1      | Escaped the Abyss
   172 | D:1      | Found a glowing golden altar of the Shining One.
   453 | D:1      | Gained mutation: You sometimes gain a little power by taking damage. [demonic ancestry]
   453 | D:1      | Reached XP level 2. HP: 20/24 MP: 3/3
   543 | D:1      | Reached * piety under Lugonu
   974 | D:1      | Reached skill level 1 in Dodging
  1203 | D:1      | Reached XP level 3. HP: 8/29 MP: 5/5
  1582 | D:2      | Noticed Natasha
  1593 | D:2      | Killed Natasha
  1595 | D:2      | Noticed Natasha
  1601 | D:2      | HP: 1/29 [Natasha (1)]
  1602 | D:2      | Killed from afar by Natasha

Skill      XL: |  1  2  3 |
---------------+----------+-----
Armour         | 2 |  2.2
Axes           | 2 |  2.5
Dodging        | 1 |  1.1
Invocations    | 3 |  3.1
Fighting       | |  3.4

Action                   || total
-------------------------++-------
Melee: Hand axe          ||    86
Invok: Depart the Abyss  ||     1
  Use: Potion            ||     1
  Eat: Chunk             ||     2
Armor: Leather armour    ||    27
Dodge: Dodged            ||    73
